 Dungeon Crawl Stone Soup version 0.27-a0-705-ga0013940fb (webtiles) character file.

Game seed: 8047226491207406661

74 dickylongcocking the Sneak (level 4, -1/39 HPs)
             Began as a Deep Dwarf Brigand on Mar 23, 2021.
             Slain by a kobold
             ... wielding a +0 short sword
              (2 damage)
             ... on level 2 of the Dungeon.
             The game lasted 00:01:58 (1710 turns).

dickylongcocking the Sneak (Deep Dwarf Brigand)     Turns: 1710, Time: 00:01:58

Health: -1/39      AC:  7    Str: 15    XL:     4   Next: 9%
Magic:  4/4        EV:  9    Int: 12    God:
Gold:   73         SH:  0    Dex: 14    Spells: 3/3 levels left

rFire    . . .     SeeInvis .   a - +2 dagger
rCold    . . .     Faith    .   (no shield)
rNeg     . . .     Spirit   .   j - +0 scale mail
rPois    .         Reflect  .   (no helmet)
rElec    .         Harm     .   c - +0 cloak
rCorr    .         Rampage  .   (no gloves)
Will     .....                  (no boots)
Stlth    ++........             (no amulet)
HPRegen  0.00/turn              (no ring)
MPRegen  0.09/turn              (no ring)

@: mighty, non-regenerating
A: damage resistance, heal wounds, sense surroundings 1, no regeneration
a: Heal Wounds


You were on level 2 of the Dungeon.
You visited 1 branch of the dungeon, and saw 2 of its levels.

You collected 73 gold pieces.

Inventory:

Hand Weapons
 a - a +2 dagger (weapon)
Missiles
 d - 8 poisoned darts (quivered)
 e - 2 curare-tipped darts
Armour
 b - a +0 robe
 c - a +0 cloak (worn)
 j - a +0 scale mail (worn)
Jewellery
 f - a ring of positive energy
 h - a ring of protection from cold
Scrolls
 g - a scroll of vulnerability {unknown}
 i - a scroll of summoning {unknown}
 k - a scroll of noise {unknown}
 l - a scroll of identify {unknown}
 m - a scroll of enchant weapon {unknown}
Potions
 o - a potion of lignification


   Skills:
 - Level 1.9 Fighting
 * Level 3.5 Short Blades
 - Level 1.7 Throwing
 - Level 1.1 Dodging
 - Level 5.4 Stealth


You had 3 spell levels left.
You didn't know any spells.
Your spell library was empty.

Dungeon Overview and Level Annotations

Branches:
Dungeon (2/15)

Altars:


Innate Abilities, Weirdness & Mutations

You are resistant to damage.
You can heal yourself by infusing magical energy.
You passively map a small area around you.
You do not regenerate.


Message History

You are too injured to fight recklessly!
You are too injured to fight recklessly!
You see here a potion of lignification.
There are no items here.
You see here a potion of lignification.
o - a potion of lignification An ooze comes into view.
You are too injured to fight recklessly!
An ooze is nearby!
You are too injured to fight recklessly!
An ooze is nearby!
You are too injured to fight recklessly!
An ooze is nearby!
You are too injured to fight recklessly!
You hit the ooze.
The ooze is moderately wounded.
The ooze barely misses you.
You barely miss the ooze.
The ooze is moderately wounded.
You hit the ooze.
The ooze is severely wounded.
The ooze hits you but does no damage.
You hit the ooze.
You kill the ooze!
You now have 73 gold pieces (gained 9).
A worm and a kobold come into view.
There are monsters nearby!
There are monsters nearby!
There are monsters nearby!
You are too injured to fight recklessly!
You are too injured to fight recklessly!
You barely miss the kobold.
The kobold hits you with a +0 short sword.
* * * LOW HITPOINT WARNING * * *
Your scale mail prevents you from hitting the kobold.
The kobold hits you but does no damage.
It was a potion of might.
You feel very mighty all of a sudden.
The kobold hits you with a +0 short sword.
You die...

....#.....#,## # , #...........
#.........#.##. , #...........
#..##.......##.# , ###.........
#..###.....###..#### #........#
#..####.#..###.....##, #......###
##..........# w.....#,##......#
...###......# .....###......##
.....#........##K....##......#
####.##.....#...@###########.####
......######......# #.......
**###..# ######.####....... #..
#............ ### #####........
##<...... #....... #.......
########


You could see a worm (asleep) and a kobold.

Vanquished Creatures
  3 adders
  A worm (D:1)
  2 dart slugs
  2 bats (D:2)
  3 giant cockroaches (D:1)
  3 goblins
  4 hobgoblins
  4 jackals (D:2)
  3 kobolds
  4 oozes (D:2)
  3 quokkas
  2 ball pythons (D:1)
  A frilled lizard (D:1)
  A rat (D:1)
36 creatures vanquished.

Notes
Turn   | Place    | Note
-------+----------+-------------------------------------------
     0 | D:1      | dickylongcocking the Deep Dwarf Brigand began the quest for
                  | the Orb.
     0 | D:1      | Reached XP level 1. HP: 19/19 MP: 1/1
    97 | D:1      | Reached skill level 5 in Stealth
   386 | D:1      | Reached XP level 2. HP: 12/26 MP: 2/2
  1015 | D:2      | Reached XP level 3. HP: 17/32 MP: 3/3
  1607 | D:2      | Reached XP level 4. HP: 5/39 MP: 4/4
  1708 | D:2      | HP: 1/39 [kobold/+0 short sword (4)]
  1710 | D:2      | Slain by a kobold

Illustrated notes

Levels and vault maps discovered:
D:1:      heliophobic_arrival_glass_houses, layout_basic
D:2:      layout_rooms, minmay_rat_hole

Skill      XL: |  1  2  3 |
---------------+----------+-----
Stealth        | 5 |  5.4
Short Blades   | 2 3 |  3.5
Fighting       | |  1.9
Throwing       | |  1.7
Dodging        | |  1.1

Action                   |  1- 3 |  4- 6 || total
-------------------------+-------+-------++-------
Melee: Dagger            |   147 |     6 ||   153
Throw: Dart              |     1 |       ||     1
  Use: Potion            |     2 |     1 ||     3
 Stab: Sleeping          |     5 |       ||     5
Armor: Scale mail        |    73 |     2 ||    75
       Robe              |     1 |       ||     1
       Skin              |    13 |       ||    13
Dodge: Dodged            |    81 |     1 ||    82

Table legend: (Time is in decaauts)
 A = Elapsed time spent in this place.
 B = Non-inter-level travel time spent in this place.
 C = Inter-level travel time spent in this place.
 D = Time resting spent in this place.
 E = Time spent auto-exploring this place.
 F = Levels seen in this place.
 G = Mean time per level.
                   A        B        C        D        E       F      G
               +--------+--------+--------+--------+--------+-----+--------+
         Total |   1691 |   1646 |     45 |    434 |    874 |   2 |  845.5 |
       Dungeon |   1691 |   1646 |     45 |    434 |    874 |   2 |  845.5 |
               +--------+--------+--------+--------+--------+-----+--------+

Top non-repeatable levels by time:
     D:1: 1095 daAuts
     D:2: 596 daAuts
